 Dungeon Crawl Stone Soup version 0.19-a0-1682-g5114f93 (webtiles) character file.

158 st0uf the Chopper (level 5, -12/41 HPs)
             Began as a Demonspawn Gladiator on Sept 25, 2016.
             Killed by divine providence
             ... invoked by an orc priest
              (16 damage)
             ... on level 3 of the Dungeon.
             The game lasted 00:07:14 (2685 turns).

st0uf the Chopper (Demonspawn Gladiator)            Turns: 2685, Time: 00:07:15

Health: -12/41     AC: 10    Str: 16    XL:     5   Next: 16%
Magic:  5/5        EV:  8    Int:  9    God:
Gold:   145        SH:  0    Dex: 14    Spells: 0 memorised, 4 levels left

rFire  + . .     SeeInvis .     a - +0 war axe
rCold  . . .     Gourm    .     s - +0 chain mail
rNeg   + . .     Faith    .     (no shield)
rPois  .         Spirit   .     (helmet restricted)
rElec  .         Dismiss  .     j - +0 cloak
rCorr  .         Reflect  .     (no gloves)
MR     .....     Harm     .     (no boots)
Stlth  ..........               (no amulet)
                                (no ring)
                                u - ring of positive energy

@: no status effects
A: antennae 1, fire resistance 1
a: no special abilities


You were on level 3 of the Dungeon.
You were not hungry.

You visited 1 branch of the dungeon, and saw 3 of its levels.

You collected 145 gold pieces.

Inventory:

Hand Weapons
 a - a +0 war axe (weapon)
Missiles
 d - 3 throwing nets (quivered)
Armour
 j - a +0 cloak (worn)
 s - a +0 chain mail (worn)
Jewellery
 u - a ring of positive energy (left hand)
Scrolls
 e - 2 scrolls of enchant weapon {unknown}
 h - 2 scrolls of magic mapping {unknown}
 k - 2 scrolls of immolation {unknown}
 l - a scroll of noise {unknown}
 m - 4 scrolls of teleportation {unknown}
 p - a scroll of random uselessness {unknown}
 r - a scroll of enchant armour {unknown}
 t - a scroll of remove curse {unknown}
 v - a scroll of fear {unknown}
Potions
 b - a potion of berserk rage {unknown}
 g - 2 potions of curing {unknown}
 n - a potion of magic {unknown}
 o - a potion of haste {unknown}
Comestibles
 c - 3 fruits
 f - 2 bread rations
 i - a slice of pizza
 q - 7 chunks of flesh


   Skills:
 * Level 3.4 Fighting
 * Level 3.8 Axes
 - Level 1.7 Throwing
 + Level 1.4 Armour
 + Level 3.3 Dodging


You had 4 spell levels left.
You didn't know any spells.

Dungeon Overview and Level Annotations

Branches:
Dungeon (3/15)

Altars:


Innate Abilities, Weirdness & Mutations

You have a pair of small antennae on your head.
Your flesh is heat resistant. (rF+)


Message History

Things that are here:
a falchion; a dyed leather armour; an orc skeleton An orc priest comes into view.
It is wielding a club.
The orc priest shouts!
The orc priest invokes the aid of Beogh against you.
Beogh smites you!
* * * LOW HITPOINT WARNING * * *
Things that are here:
a falchion; a dyed leather armour; an orc skeleton
Items here: )) [[ รท a flail of holy wrath; a ring mail; a whip; a ring mail; an orc skeleton The orc priest casts a cantrip, but nothing happens.
The orc priest calls down the wrath of Beogh upon you.
Beogh smites you!
* * * LOW HITPOINT WARNING * * *
The orc priest begins to cast a cantrip, but forgets the words!
There is an escape hatch in the floor here.
The orc priest mumbles some strange prayers to Beogh against you.
Beogh smites you!
You die...

...^....................o#
#..).
##+#)##+#.##'#.##'#.##+#.#
#.##.
#..#.#..#.#..#.#..#.# #.#
#.##.
#..'.'..#.#..+.')[#.# #.#
#.#..
####)####.####.####.####.#
#.#.#
..................o......#
#.#.#
##########################
#..o. # ####.#.......#
###.# # #....<@)####.# #.#
#.##.#..####.# #.#
#.....>##.# #.#
###..#....########.#
#..####.o........#
.........##########
###########


You could see an orc priest.

Vanquished Creatures
  An orc priest (D:3)
  A worker ant (D:3)
  4 adders
  An ooze (D:3)
  A worm (D:2)
  A dart slug (D:3)
  A leopard gecko (D:3)
  3 orcs (D:3)
  2 giant cockroaches (D:1)
  7 goblins
  4 hobgoblins
  6 jackals
  9 bats
  3 frilled lizards
  4 kobolds
  8 rats
56 creatures vanquished.

Notes
Turn   | Place    | Note
-------+----------+-------------------------------------------
     0 | D:1      | st0uf the Demonspawn Gladiator began the quest for the Orb.
     0 | D:1      | Reached XP level 1. HP: 16/16 MP: 1/1
   272 | D:1      | Gained mutation: You have a pair of small antennae on your head. [demonic ancestry]
   272 | D:1      | Reached XP level 2. HP: 19/22 MP: 2/2
  1085 | D:2      | Reached XP level 3. HP: 25/28 MP: 3/3
  1803 | D:3      | Reached XP level 4. HP: 23/34 MP: 4/4
  2029 | D:3      | Reached skill level 1 in Armour
  2635 | D:3      | Gained mutation: Your flesh is heat resistant. (rF+) [demonic ancestry]
  2635 | D:3      | Reached XP level 5. HP: 24/41 MP: 5/5
  2662 | D:3      | HP: 1/41 [orc priest/divine providence (12)]
  2685 | D:3      | Killed from afar by an orc priest

Vault maps used:
D:1:      elethiomel_arrival_infinity_welcomes_careful_drivers
D:2:      first_bread
D:3:      minmay_door_path

Skill      XL: |  1  2  3  4 |
---------------+-------------+-----
Axes           | 3 |  3.8
Dodging        | 3 |  3.3
Fighting       | 3 |  3.4
Armour         | 1 |  1.4
Throwing       | |  1.7

Action                   |  1- 3 |  4- 6 || total
-------------------------+-------+-------++-------
Melee: War axe           |   144 |    54 ||   198
  Eat: Chunk             |     3 |     3 ||     6
Armor: Leather armour    |    29 |       ||    29
       Chain mail        |    37 |    40 ||    77
Dodge: Dodged            |    94 |    18 ||   112
